Map: Новое противостояние РВ

Players

ИИ 1 (знаток)

  • Race: Terran Terran
  • Spawn Location: 7:00

Doll - Winner!

  • Race: Zerg Zerg
  • Spawn Location: 1:00

VOD

Have the link to the VOD?

Description

Time

  • Played on: March 5, 2021, 4:10 a.m.
  • Length: 8:44
Show
View Real Time Build Order
Export as new Build Order

ИИ 1 (знаток) Terran 

Build Orders: 2 Factory 

Get SALT Encoding   

  12  0:00  SCV  
  13  0:13  SCV  
  14  0:18  Supply Depot  
  14  0:25  SCV  
  15  0:40  SCV  
  16  0:43  Barracks  
  16  0:52  SCV  
  17  1:04  SCV  
  18  1:16  Command Center  
  18  1:31  Orbital Command  
  18  1:32  Marine  
  18  1:37  Supply Depot  
  19  1:44  Refinery  
  19  1:50  Marine  
  20  1:57  SCV  
  20  2:00  Barracks  
  21  2:06  Refinery  
  21  2:08  Marine  
  21  2:09  SCV  
  23  2:22  SCV  
  24  2:26  Supply Depot  
  24  2:27  Barracks Tech Lab  
  24  2:36  SCV  
  25  2:45  Marine  
  25  2:46  Marine  
  25  2:51  SCV  
  28  2:53  SCV  
  29  3:03  SCV, Marine  
  31  3:05  SCV, Barracks Tech Lab  
  32  3:15  Factory, SCV  
  32  3:17  SCV  
  34  3:21  Marauder  
  34  3:25  Marine  
  37  3:27  SCV  
  37  3:28  Factory  
  37  3:30  SCV  
  39  3:46  Refinery  
  39  3:53  Refinery  
  39  3:59  SCV  
  39  4:00  Factory Tech Lab  
  39  4:05  Starport  
  39  4:10  Starport  
  39  4:11  Factory Tech Lab  
  39  4:13  Marauder  
  41  4:23  Marauder  
  43  4:30  SCV  
  44  4:34  SCV  
  44  4:35  Reaper  
  44  4:36  Supply Depot  
  46  4:42  Ghost Academy, Starport Tech Lab  
  46  4:45  Starport Tech Lab  
  46  4:50  SCV  
  47  4:53  SCV  
  48  5:00  Stimpack  
  48  5:01  Medivac  
  48  5:02  SCV  
  48  5:05  SCV  
  52  5:10  Combat Shield  
  52  5:13  Ghost  
  54  5:14  SCV  
  54  5:17  SCV  
  56  5:21  Supply Depot  
  56  5:26  SCV, Engineering Bay  
  57  5:32  SCV  
  58  5:38  SCV  
  59  5:43  Marine  
  59  5:45  SCV  
  61  5:51  SCV  
  61  5:52  Supply Depot, Marine, Terran Infantry Armor Level 1  
  61  5:57  SCV  
  64  6:01  Marine  
  64  6:03  SCV  
  66  6:10  SCV, Marine  
  67  6:15  Supply Depot, SCV  
  68  6:20  Marine  
  68  6:22  SCV  
  60  6:28  SCV  
  60  6:29  Concussive Shells  
  60  6:30  Marauder  
  54  6:36  Viking  
  54  6:41  Viking  
  51  6:50  Marauder  
  51  6:52  Hellion  
  49  6:57  Hellion  
  47  7:06  Viking  
  46  7:11  Viking  
  46  7:13  Hellion  
  45  7:21  Marauder  
  43  7:29  Marine  
  38  7:31  Hellion  
  38  7:36  Viking  
  33  7:42  Marine  
  25  7:49  Marine  
  13  7:59  Marine  
  13  8:03  SCV  
  12  8:08  Marine  
  13  8:15  SCV  
  6  8:27  SCV  
Show
View Real Time Build Order
Export as new Build Order

Doll Zerg - Winner!

Build Orders: Hatch First 

Get SALT Encoding   

  12  0:01  Drone  
  13  0:13  Overlord  
  13  0:17  Drone  
  14  0:42  Hatchery  
  13  0:47  Extractor  
  13  0:49  Drone  
  13  0:54  Drone  
  14  0:58  Drone  
  14  1:02  Drone  
  16  1:24  Spawning Pool  
  15  1:26  Drone  
  15  1:30  Drone  
  17  1:35  Drone  
  18  1:43  Drone  
  19  1:54  Overlord  
  19  1:56  Drone  
  20  2:05  Drone  
  20  2:06  Drone  
  22  2:16  Extractor, Zergling x2  
  22  2:17  Zergling x2  
  22  2:20  Lair  
  23  2:28  Drone x2  
  25  2:34  Metabolic Boost  
  25  2:42  Drone  
  25  2:43  Drone  
  27  3:00  Drone  
  27  3:01  Hatchery  
  27  3:02  Drone  
  26  3:10  Drone  
  26  3:11  Drone x2  
  29  3:13  Drone  
  30  3:21  Queen  
  30  3:26  Drone  
  33  3:28  Drone  
  33  3:31  Drone  
  33  3:33  Zergling x2  
  36  3:40  Roach Warren  
  35  3:43  Overlord  
  35  3:48  Overlord  
  35  4:01  Queen  
  37  4:03  Overlord  
  37  4:04  Zergling x2  
  37  4:05  Zergling x2  
  37  4:08  Drone  
  40  4:16  Drone  
  41  4:17  Drone, Overlord  
  42  4:24  Roach  
  42  4:25  Roach  
  42  4:27  Glial Reconstitution  
  42  4:29  Roach  
  50  4:31  Roach  
  50  4:32  Roach  
  50  4:34  Zergling x2  
  50  4:35  Zergling x2  
  54  4:40  Roach  
  54  4:41  Roach  
  58  4:46  Queen  
  58  4:49  Roach  
  58  4:52  Roach  
  64  4:53  Drone  
  64  4:56  Drone  
  66  5:00  Roach  
  66  5:01  Roach  
  70  5:07  Overlord  
  70  5:10  Roach  
  70  5:11  Roach  
  74  5:16  Hydralisk Den  
  74  5:20  Drone  
  74  5:22  Infestation Pit, Overlord  
  74  5:26  Roach  
  74  5:27  Roach  
  77  5:30  Roach  
  77  5:32  Zergling x2  
  77  5:34  Zergling x2  
  81  5:36  Overseer  
  81  5:38  Overseer  
  81  5:41  Drone  
  81  5:42  Drone  
  83  5:43  Drone  
  83  5:44  Drone  
  83  5:46  Drone  
  83  5:48  Drone  
  87  5:50  Drone  
  87  5:52  Drone  
  87  5:53  Drone  
Tags
 
Add a new tag
Caveats
  • Supply blocks, unpowered buildings, or Contaminate may cause inaccurate times.
  • Supply counts are checked every 10 seconds.